AoeStats
← 一剑扫秋风nelson

African Clearing

504165226Analyzed
4v4 RM · 29d ago on Sep 4, 2026· 64m 35s· 8 players
Game mode
Random Map
Map size
Large (8 player)
Population
200
Speed
Normal
Resources
Standard
Victory
Conquest
Starting age
Dark Age
Ending age
Imperial Age
RankedLock teamsTeams togetherTeam positionsShared explorationLock speedFull tech treeHidden civsTurbo modeCheats
Victory
Defeat
🇨🇳 Mapuche · China
1765
+11
1724
+13
🇦🇷 Burmese · Argentina
1690
+14
🇻🇳 Mongols · Vietnam
1604
+18
🇻🇳 Japanese · Vietnam
1786
-19
🇻🇳 Saracens · Vietnam
1761
-19
🇭🇰 Mongols · Hong Kong SAR China
1556
-10
🇨🇳 Huns · China
1494
-8
一剑扫秋风nelson
9:17 Loom
11:54 Feudal Age
12:33 Double-Bit Axe
14:31 Town Watch
15:20 Fletching
37:31 Castle Age
35:59 Gold Mining
36:01 Horse Collar
38:09 Bodkin Arrow
38:51 Padded Archer Armor
38:21 Elite Skirmisher
46:02 Heavy Plow
46:13 Bow Saw
51:36 Imperial Age
49:42 Wheelbarrow
49:58 Ballistics
50:46 Leather Archer Armor
51:41 Elite Bolas Rider
55:09 Chemistry
57:09 Ring Archer Armor
59:24 Hand Cart
61:05 Malon
63:18 Conscription
luanb10
11:13 Feudal Age
12:32 Feudal Age
13:51 Double-Bit Axe
16:31 Castle Age
14:54 Fletching
15:34 Horse Collar
16:58 Padded Archer Armor
17:35 Bodkin Arrow
17:57 Bow Saw
24:03 Ballistics
26:21 Wheelbarrow
26:41 Leather Archer Armor
27:02 Wheelbarrow
29:58 Husbandry
31:13 Bloodlines
34:31 Hand Cart
37:41 Imperial Age
35:34 Masonry
36:08 Thumb Ring
36:14 Town Watch
36:51 Scale Barding Armor
38:28 Bracer
39:30 Chemistry
38:51 Conscription
39:02 Elite Mangudai
40:51 Chain Barding Armor
40:34 Gold Mining
40:35 Stone Mining
42:06 Parthian Tactics
43:07 Forging
49:37 Iron Casting
56:24 Blast Furnace
59:49 Light Cavalry
61:50 Hoardings
62:32 Hussar
63:08 Capped Ram
64:26 Siege Ram
Yucatan_water_supremacy
6:35 Loom
12:24 Feudal Age
16:18 Scale Barding Armor
17:55 Town Watch
18:36 Bloodlines
19:46 Double-Bit Axe
25:46 Castle Age
26:54 Bow Saw
26:15 Light Cavalry
26:59 Husbandry
27:40 Chain Barding Armor
39:43 Imperial Age
37:49 Wheelbarrow
39:37 Horse Collar
39:50 Gold Mining
42:03 Plate Barding Armor
42:57 Conscription
44:05 Elite Magyar Huszar
46:23 Fletching
46:34 Padded Archer Armor
46:55 Ballistics
47:36 Chemistry
47:03 Corvinian Army
47:44 Masonry
48:15 Bodkin Arrow
48:36 Leather Archer Armor
48:33 Thumb Ring
48:54 Parthian Tactics
49:21 Hand Cart
49:30 Heavy Cavalry Archer
52:11 Recurve Bow
52:19 Bracer
52:50 Ring Archer Armor
55:42 Caravan
60:36 Capped Ram
knight_0701
8:49 Loom
14:56 Feudal Age
19:25 Castle Age
25:31 Padded Archer Armor
27:29 Ballistics
27:45 Horse Collar
28:58 Husbandry
29:09 Bloodlines
32:21 Wheelbarrow
38:50 Imperial Age
36:14 Gold Mining
38:06 Fletching
39:08 Bodkin Arrow
39:30 Elite Arambai
40:53 Capped Ram
42:43 Conscription
43:42 Bracer
49:21 Heavy Plow
51:45 Chemistry
54:55 Hand Cart
55:36 Masonry
55:33 Light Cavalry
56:20 Scale Barding Armor
56:25 Forging
56:08 Hussar
58:57 Chain Barding Armor
60:04 Iron Casting
63:59 Plate Barding Armor
65:15 Blast Furnace
大庆Song
4:30 Loom
12:23 Feudal Age
17:02 Castle Age
15:12 Stone Mining
15:08 Double-Bit Axe
15:04 Horse Collar
20:20 Fletching
21:53 Heavy Plow
25:06 Ballistics
26:16 Gold Mining
28:00 Wheelbarrow
28:20 Bodkin Arrow
29:54 Padded Archer Armor
30:05 Bow Saw
31:10 Town Watch
32:10 Husbandry
35:10 Bloodlines
36:32 Leather Archer Armor
36:33 Thumb Ring
41:25 Imperial Age
40:24 Gold Shaft Mining
41:39 Elite Mangudai
42:28 Bracer
60:57 Light Cavalry
虎!虎!虎!
12:38 Feudal Age
14:03 Loom
17:22 Castle Age
17:03 Fletching
25:15 Bloodlines
25:31 Husbandry
28:38 Wheelbarrow
28:39 Town Watch
30:46 Bodkin Arrow
31:57 Ballistics
32:56 Elite Skirmisher
33:39 Padded Archer Armor
35:35 Double-Bit Axe
35:42 Horse Collar
37:22 Heavy Plow
37:43 Bow Saw
42:31 Imperial Age
41:44 Hand Cart
42:17 Thumb Ring
43:42 Parthian Tactics
43:21 Bracer
44:28 Chemistry
43:39 Masonry
44:43 Conscription
44:25 Heavy Cavalry Archer
46:15 Leather Archer Armor
46:38 Marauders
46:47 Scale Barding Armor
47:01 Forging
46:21 Elite Tarkan
48:05 Chain Barding Armor
48:38 Iron Casting
49:30 Plate Barding Armor
49:00 Light Cavalry
54:47 Blast Furnace
54:59 Gold Mining
DL-ĐệNhị
11:33 Loom
13:19 Feudal Age
18:22 Castle Age
16:33 Double-Bit Axe
16:57 Gold Mining
18:02 Horse Collar
20:23 Bow Saw
23:04 Heavy Plow
25:02 Wheelbarrow
25:45 Forging
26:06 Husbandry
35:55 Imperial Age
34:13 Scale Barding Armor
35:19 Chain Barding Armor
35:47 Bloodlines
35:42 Stone Mining
36:28 Gold Shaft Mining
36:32 Hand Cart
37:06 Conscription
37:07 Elite Mameluke
38:34 Plate Barding Armor
38:22 Light Cavalry
39:38 Iron Casting
40:01 Capped Ram
40:44 Town Watch
42:57 Blast Furnace
44:19 Siege Ram
46:37 Hussar
50:32 Coinage
50:46 Parthian Tactics
52:13 Banking
51:54 Caravan
54:11 Fletching
56:23 Masonry
56:10 Bodkin Arrow
58:12 Chemistry
57:33 Ballistics
57:14 Bracer
57:35 Thumb Ring
58:42 Padded Archer Armor
VNS_Alibaba_
7:42 Loom
13:11 Feudal Age
17:13 Castle Age
15:45 Double-Bit Axe
16:42 Fletching
18:57 Bow Saw
32:01 Town Watch
41:18 Wheelbarrow
49:35 Gold Mining
52:35 Gold Shaft Mining
51:42 Horse Collar
52:38 Stone Mining
55:53 Imperial Age
53:50 Bodkin Arrow
53:55 Padded Archer Armor
54:42 Thumb Ring
54:56 Elite Skirmisher
55:53 Leather Archer Armor
58:19 Squires
58:20 Scale Mail Armor
58:31 Forging
58:11 Pikeman
Connection lost

Rejoining the realm…

Still unreachable

The connection could not be restored.

Session expired

The server has moved on; the page needs a fresh start.